 Dungeon Crawl Stone Soup version 0.28-a0-8-g6e044cfa68 (webtiles) character file.

Game seed: 6106169826537418559

20489 bjtr the Thaumaturge (level 12, 0/92 HPs)
             Began as a Demonspawn Hedge Wizard on July 23, 2021.
             Was an Elder of Vehumet.
             Slain by a freezing wraith (2 damage)
             ... led by a death knight
             ... on level 13 of the Dungeon on July 24, 2021.
             The game lasted 02:28:58 (22838 turns).

bjtr the Thaumaturge (Demonspawn Hedge Wizard)     Turns: 22838, Time: 02:28:59

Health: 0/92       AC: 19    Str: 10    XL:     12   Next: 45%
Magic:  25/25      EV: 17    Int: 21    God:    Vehumet [****..]
Gold:   1014       SH:  5    Dex: 13    Spells: 2/30 levels left

rFire   . . .      SeeInvis .   a - +4 scimitar (flame)
rCold   . . .      Faith    .   G - +0 buckler
rNeg    . . .      Spirit   .   I - +0 acid dragon scales
rPois   .          Reflect  .   c - +2 hat
rElec   .          Harm     .   p - +0 cloak
rCorr   +          Rampage  .   S - +0 pair of gloves
Will    .....                   J - +0 pair of boots
Stlth   +++.......              (no amulet)
HPRegen 0.25/turn               r - +4 ring of protection
MPRegen 0.19/turn               Y - +4 ring of evasion

@: swift (expiring), quick
A: horns 2, ignite blood 1, sharp scales 2
a: Renounce Religion


You were on level 13 of the Dungeon.
You worshipped Vehumet.
Vehumet was greatly pleased with you.
You visited 2 branches of the dungeon, and saw 14 of its levels.
You also visited: Ossuary.

You collected 1014 gold pieces.

Inventory:

Hand Weapons
 a - a +4 scimitar of flaming (weapon)
 b - a +0 hand crossbow
 W - a +1 flail of protection
 X - the +0 staff of Battle
   (You found it on level 9 of the Dungeon)

   It enhances your conjuration magic.
   It summons a battlesphere in combat, with strength depending on Conjurations
   skill.
Missiles
 j - 6 curare-tipped darts (quivered)
 k - 106 bolts
 N - 2 javelins
Armour
 c - a +2 hat (worn)
 p - a +0 cloak (worn)
 G - a +0 buckler (worn)
 I - +0 acid dragon scales (worn)
 J - a +0 pair of boots (worn)
 S - a +0 pair of gloves (worn)
Jewellery
 e - a ring of see invisible
 h - a ring of poison resistance
 r - a +4 ring of protection (left hand)
 u - a ring of flight
 H - a ring of magical power
 V - a +6 ring of dexterity
 Y - a +4 ring of evasion (right hand)
Wands
 f - a wand of polymorph (10)
 l - a wand of iceblast (6)
 z - a wand of charming (5)
 Q - a wand of paralysis (5)
Scrolls
 d - a scroll of amnesia
 n - a scroll of brand weapon
 o - a scroll of magic mapping
 q - 4 scrolls of teleportation
 s - a scroll of enchant armour
 M - a scroll of summoning
 U - 4 scrolls of fog
 Z - 3 scrolls of identify
Potions
 g - 2 potions of brilliance
 i - 4 potions of curing
 m - 4 potions of berserk rage
 w - 2 potions of cancellation
 B - 5 potions of might
 C - 8 potions of mutation
 E - a potion of haste
 R - a potion of ambrosia
 T - a potion of resistance


   Skills:
 * Level 7.9 Fighting
 + Level 5.2 Armour
 + Level 5.9 Dodging
 + Level 5.4 Stealth
 + Level 4.9 Shields
 * Level 9.7 Spellcasting
 * Level 7.5 Conjurations
 + Level 0.6 Hexes
 + Level 4.7 Summonings
 + Level 1.9 Translocations
 + Level 0.2 Transmutations
 + Level 2.4 Ice Magic
 + Level 5.2 Air Magic
 + Level 3.5 Poison Magic
 + Level 2.0 Evocations


You had 2 spell levels left.
You knew the following spells:

 Your Spells              Type           Power      Damage    Failure   Level
a - Magic Dart            Conj           100%       1d8       1%          1
b - Call Imp              Summ           30%        N/A       2%          2
c - Blink                 Tloc           N/A        N/A       7%          2
d - Mephitic Cloud        Conj/Pois/Air  33%        N/A       1%          3
e - Ozocubu's Armour      Ice            20%        N/A       11%         3
f - Shock                 Conj/Air       100%       1d9       1%          1
g - Slow                  Hex            12%        N/A       12%         2
h - Passwall              Tmut/Erth      8%         N/A       14%         2
i - Swiftness             Air            32%        N/A       3%          3
j - Irradiate             Conj/Tmut      13%        3d18      16%         5
k - Airstrike             Air            16%        N/A       3%          4

Your spell library contained the following spells:

 Spells                   Type           Power      Damage    Failure   Level
 Sandblast                Erth           20%        2d7       2%          1
 Animate Skeleton         Necr           20%        N/A       10%         1
 Pain                     Necr           40%        1d6       10%         1
 Conjure Flame            Conj/Fire      26%        6-21      1%          3
 Ignite Poison            Fire/Tmut/Pois 15%        N/A       5%          3
 Sticky Flame             Conj/Fire      26%        2d5       6%          4
 Confusing Touch          Hex            12%        N/A       22%         3
 Vampiric Draining        Necr           5%         2d6       30%         3
 Lee's Rapid Deconstruct  Erth           5%         3d7*      54%         5
 Petrify                  Tmut/Erth      10%        N/A       67%         4
 Metabolic Englaciation   Hex/Ice        8%         N/A       83%         5
 Blade Hands              Tmut           5%         N/A       94%         5
 Ozocubu's Refrigeration  Ice            10%        4d7       99%         7
 Invisibility             Hex            6%         N/A       100%        6
 Statue Form              Tmut/Erth      6%         N/A       100%        6


Dungeon Overview and Level Annotations

Branches:
Dungeon (13/15)            Temple (1/1) D:4            Lair (0/6) D:9
    Orc (0/2) D:10        Ossuary (visited)
 Vaults: D:13-14

Altars:
Ashenzari
Cheibriados
Dithmenos
Elyvilon
Fedhas
Gozag
Hepliaklqana
Kikubaaqudgha
Makhleb
Nemelex Xobeh
Okawaru
Qazlal
Ru
Sif Muna
Trog
Uskayaw
Vehumet
Wu Jian
Xom
Yredelemnul
Zin
The Shining One

Shops:
D:3 !   D:10 ([

Portals:
Trove: D:13 (give 8 potions of haste)

Annotations:
D:10 2 transporters, Fannar; Nausicaa's ghost, novice TrMo


Innate Abilities, Weirdness & Mutations

You have a pair of horns on your head.
Your demonic aura sometimes causes spilled blood to erupt in flames.
You are mostly covered in razor-sharp scales. (AC +2, Slay +2)


Message History

The freezing wraith freezes you!
The freezing wraith hits you but does no damage.
Unknown command.
You slash the freezing wraith! You burn the freezing wraith!
The freezing wraith is severely damaged.
The freezing wraith completely misses you.
You riposte.
You hit the freezing wraith but do no damage.
The freezing wraith is severely damaged.
The freezing wraith closely misses you.
You closely miss the freezing wraith.
The freezing wraith is severely damaged.
The freezing wraith hits you! The freezing wraith freezes you!!
The freezing wraith hits you but does no damage.
The freezing wraith closely misses you.
The freezing wraith hits you but does no damage.
You barely miss the freezing wraith.
You headbutt the freezing wraith, but do no damage.
The freezing wraith is severely damaged.
You block the freezing wraith's attack.
The freezing wraith hits you but does no damage.
You slash the freezing wraith! You burn the freezing wraith.
Your headbutt misses the freezing wraith.
The freezing wraith is almost destroyed.
You start to feel a little slower.
The freezing wraith barely misses you.
You riposte.
You hit the freezing wraith but do no damage.
The freezing wraith is almost destroyed.
The freezing wraith barely misses you.
You hit the freezing wraith but do no damage.
Your headbutt misses the freezing wraith.
The freezing wraith is almost destroyed.
The freezing wraith hits you!
* * * LOW HITPOINT WARNING * * *
The freezing wraith freezes you!!
* * * LOW HITPOINT WARNING * * *
The freezing wraith hits you.
* * * LOW HITPOINT WARNING * * *
The freezing wraith hits you.
You die...

#.........#...###...#
##.########...# .# ## #.#
#.<.# .p #.# #...# .# #.#
#...## #.. . #.# #.... ... #
#.# #..... ... # #.#
#..###.# #.# # #.# #.@....#
#.# # #.# #####W###.###.# #
#.# ##...#.###.....########
#)####.###...# ##.#.....W...
#........#...###...#########
######.#.#.).....#..# #
##.............#
#...........#.#
#.........###.#


You could see a freezing wraith.

Vanquished Creatures
  2 hydras (D:12)
  A catoblepas (D:13)
  3 two-headed ogres
  Nergalle (D:10)
  Pikel (D:5)
  2 ugly things (D:12)
  2 cyclopes
  A manticore (D:13)
  Joseph (D:10)
  2 gargoyles
  A kobold demonologist (D:12)
  Psyche (D:8)
  Maggie (D:6)
  A freezing wraith (D:8)
  2 efreet
  5 trolls
  A vampire (D:13)
  3 wraiths
  A shadow (D:12)
  16 yaks
  3 wyverns (D:8)
  2 vampire mosquitoes (D:13)
  A steam dragon (D:6)
  An acid dragon (D:7)
  6 orc warriors
  A sky beast (D:6)
  4 necrophages
  5 ogres
  2 black bears (D:6)
  8 centaurs
  A phantom (D:7)
  10 kobold brigands
  A gnoll sergeant (D:9)
  3 wyvern zombies (D:7)
  A water moccasin zombie (D:5)
  2 scorpions
  13 killer bees
  A wight (D:7)
  5 centaur zombies
  2 jellies
  3 human zombies
  A centaur skeleton (D:7)
  6 hounds
  4 orc priests
  A quasit (D:4)
  6 gnoll shamans
  2 iguanas
  10 orc wizards
  2 killer bee zombies (D:7)
  9 mummies
  A howler monkey zombie (D:7)
  29 gnolls
  2 adders
  2 white imps
  2 dart slugs
  19 orcs
  3 ball pythons
  8 endoplasms
  2 giant cockroaches
  A gnoll zombie (Ossuary)
  9 goblins
  8 hobgoblins
  2 jackals (D:3)
  40 kobolds
  3 quokkas
  4 bats
  A goblin zombie (Ossuary)
  An orc zombie (Ossuary)
  9 rats
310 creatures vanquished.

Vanquished Creatures (collateral kills)
  The ghost of robertstho the Skirmisher, an amateur DsAK of Lugonu (D:4)
  A water moccasin (D:8)
  An orc warrior (D:10)
  An ogre (D:4)
  A centaur (D:7)
  A phantom (D:5)
  A bullfrog (D:7)
  2 killer bees (D:9)
  2 quasits (D:4)
  Crazy Yiuf (D:2)
  An iguana (D:2)
  Jessica (D:2)
  Terence (D:2)
  2 mummies (Ossuary)
  5 orcs
  A goblin (D:3)
  A hobgoblin (D:4)
24 creatures vanquished.

Vanquished Creatures (others)
  A hydra (D:9)
  A wizard (D:7)
  7 fungi
  9 plants (D:10)
18 creatures vanquished.

Grand Total: 352 creatures vanquished

Notes
Turn   | Place    | Note
-------+----------+-------------------------------------------
     0 | D:1      | bjtr the Demonspawn Hedge Wizard began the quest for the
                  | Orb.
     0 | D:1      | Reached XP level 1. HP: 13/13 MP: 4/4
   417 | D:1      | Gained mutation: You have a pair of small horns on your
                  | head. [demonic ancestry]
   417 | D:1      | Reached XP level 2. HP: 15/19 MP: 6/6
  1314 | D:2      | Noticed Terence
  1644 | D:1      | Learned a level 2 spell: Call Imp
  1647 | D:1      | Learned a level 2 spell: Blink
  1688 | D:2      | Reached XP level 3. HP: 24/24 MP: 4/8
  1802 | D:2      | Killed Terence
  1876 | D:2      | Reached skill level 1 in Armour
  1983 | D:2      | Found a runed translucent door.
  1984 | D:2      | Noticed Crazy Yiuf
  2014 | D:2      | Killed Crazy Yiuf
  2015 | D:2      | Reached skill level 4 in Spellcasting
  2015 | D:2      | Gained mutation: You are partially covered in razor-sharp
                  | scales. (AC +1, Slay +1) [demonic ancestry]
  2015 | D:2      | Reached XP level 4. HP: 31/31 MP: 6/10
  2169 | D:2      | Noticed Jessica
  2177 | D:2      | Killed Jessica
  3222 | D:3      | Reached XP level 5. HP: 32/36 MP: 6/11
  3293 | D:3      | Reached skill level 1 in Fighting
  3773 | D:3      | You are sucked into a shaft and drop 3 floors!
  3774 | D:6      | Noticed a black bear
  3971 | D:5      | Entered Level 5 of the Dungeon
  3985 | D:4      | Found a staircase to the Ecumenical Temple.
  3991 | D:4      | Gained mutation: You are mostly covered in razor-sharp
                  | scales. (AC +2, Slay +2) [demonic ancestry]
  3991 | D:4      | Reached XP level 6. HP: 17/43 MP: 12/12
  4224 | D:4      | Found a transporter.
  4224 | D:4      | Noticed robertstho's ghost (amateur DsAK)
  4319 | D:4      | Found a sand-covered staircase.
  4324 | Ossuary  | Entered an ossuary
  4847 | Ossuary  | Reached skill level 5 in Spellcasting
  5120 | D:4      | Reached XP level 7. HP: 47/50 MP: 8/14
  5124 | D:4      | Learned a level 3 spell: Mephitic Cloud
  5128 | D:4      | Learned a level 3 spell: Ozocubu's Armour
  5200 | Temple   | Entered the Ecumenical Temple
  5245 | Temple   | Became a worshipper of Vehumet
  5727 | D:4      | Found a transporter.
  6004 | D:3      | Found Seim's Distillery.
  6364 | D:3      | Upgraded the game from 0.28-a0-2-g643f2454ad to
                  | 0.28-a0-8-g6e044cfa68
  6837 | D:5      | Reached * piety under Vehumet
  6837 | D:5      | Offered knowledge of Shock by Vehumet.
  6838 | D:5      | Gained mutation: Your demonic aura sometimes causes spilled
                  | blood to erupt in flames. [demonic ancestry]
  6838 | D:5      | Reached XP level 8. HP: 55/58 MP: 12/16
  6841 | D:5      | Learned a level 1 spell: Shock
  6945 | D:5      | Noticed Pikel
  6950 | D:5      | Killed Pikel
  6951 | D:5      | Reached skill level 6 in Spellcasting
  6951 | D:5      | Reached skill level 1 in Ice Magic
  6951 | D:5      | Reached skill level 1 in Air Magic
  6951 | D:5      | Reached skill level 1 in Poison Magic
  7214 | D:5      | Found a snail-covered altar of Cheibriados.
  7356 | D:5      | Got the Papyrus of Transmutation
  7772 | D:5      | Found a hide-covered altar of Uskayaw.
  7795 | D:5      | Identified the +1 whip of Virtue {vorpal, Int+2}
  8544 | D:6      | Learned a level 2 spell: Slow
  8595 | D:6      | Reached XP level 9. HP: 29/65 MP: 9/19
  8807 | D:6      | Noticed Maggie
  8912 | D:6      | Found a sacrificial altar of Ru.
  9295 | D:6      | Killed Maggie
  9296 | D:6      | Reached skill level 1 in Translocations
  9606 | D:7      | Reached skill level 7 in Spellcasting
  9643 | D:7      | Found a shimmering blue altar of Sif Muna.
 10451 | D:7      | Found a bloodstained altar of Trog.
 10452 | D:7      | Noticed a wizard
 10458 | D:7      | Killed a wizard
 10565 | D:7      | Found a shadowy altar of Dithmenos.
 10640 | D:7      | Found an ancient bone altar of Kikubaaqudgha.
 10835 | D:7      | Reached skill level 1 in Shields
 11179 | D:8      | Noticed Psyche
 11225 | D:8      | Reached skill level 5 in Conjurations
 11228 | D:8      | Killed Psyche
 11229 | D:8      | Reached XP level 10. HP: 53/73 MP: 3/21
 11422 | D:8      | Reached skill level 1 in Evocations
 11951 | D:8      | Found a broken altar of Ashenzari.
 12037 | D:9      | Noticed a six-headed hydra
 12084 | D:9      | Killed a three-headed hydra
 12367 | D:9      | Noticed a two-headed ogre
 12665 | D:1      | Learned a level 2 spell: Passwall
 12893 | D:4      | Killed robertstho's ghost
 13480 | D:8      | Killed a two-headed ogre
 13481 | D:8      | Reached skill level 5 in Fighting
 13732 | D:9      | Reached ** piety under Vehumet
 13732 | D:9      | Offered knowledge of Foxfire by Vehumet.
 14248 | D:9      | Found a staircase to the Lair.
 14286 | D:9      | Reached skill level 8 in Spellcasting
 14767 | D:9      | Found a sparkling altar of Nemelex Xobeh.
 14985 | D:9      | Noticed a fire dragon
 15218 | D:9      | Found the +0 staff of Battle
 15816 | D:9      | HP: 2/74 [freezing wraith (2)]
 16408 | D:10     | Entered Level 10 of the Dungeon
 16455 | D:10     | Identified the +1 helmet of Ydenkay {Str+3}
 16461 | D:10     | Noticed a two-headed ogre
 16469 | D:10     | Killed a two-headed ogre
 16472 | D:10     | Reached XP level 11. HP: 37/80 MP: 23/23
 16496 | D:10     | Noticed Joseph
 16799 | D:10     | Found Buativ's Weapon Boutique.
 16801 | D:10     | Found a staircase to the Orcish Mines.
 16804 | D:10     | Found Inacomaj's Armour Boutique.
 17294 | D:10     | Found a transporter.
 17294 | D:10     | Noticed Nausicaa's ghost (novice TrMo)
 17443 | D:10     | Found a stormy altar of Qazlal.
 17781 | D:10     | Killed Joseph
 18246 | D:10     | Noticed Nergalle
 18298 | D:10     | Noticed Fannar
 18326 | D:10     | Offered knowledge of Frozen Ramparts by Vehumet.
 18374 | D:10     | Killed Nergalle
 18481 | D:10     | Reached *** piety under Vehumet
 19038 | D:10     | Found a transporter.
 19088 | D:10     | Reached skill level 5 in Dodging
 19296 | D:11     | Offered knowledge of Dazzling Flash by Vehumet.
 19531 | D:11     | Reached skill level 9 in Spellcasting
 19743 | D:11     | Noticed a two-headed ogre
 19752 | D:11     | Killed a two-headed ogre
 19790 | D:11     | Reached skill level 5 in Armour
 20805 | D:12     | Noticed a four-headed hydra
 20807 | D:12     | Noticed a cyan ugly thing
 20814 | D:12     | Killed a one-headed hydra
 20815 | D:12     | Reached skill level 5 in Air Magic
 20817 | D:12     | Killed a cyan ugly thing
 20823 | D:12     | Learned a level 3 spell: Swiftness
 20829 | D:12     | Learned a level 5 spell: Irradiate
 20897 | D:12     | Noticed a brown ugly thing
 20916 | D:12     | Killed a brown ugly thing
 20917 | D:12     | Gained mutation: You have a pair of horns on your head.
                  | [demonic ancestry]
 20917 | D:12     | Reached XP level 12. HP: 91/91 MP: 23/25
 20955 | D:12     | Reached **** piety under Vehumet
 21269 | D:12     | Offered knowledge of Airstrike by Vehumet.
 21270 | D:12     | Reached skill level 5 in Stealth
 21524 | D:12     | Learned a level 4 spell: Airstrike
 21656 | D:12     | Noticed an eight-headed hydra
 21663 | D:12     | Killed a three-headed hydra
 22197 | D:13     | Noticed a boulder beetle
 22249 | D:13     | Found a portal to a secret trove of treasure.
 22393 | D:13     | Noticed a catoblepas
 22430 | D:13     | Killed a catoblepas
 22799 | D:13     | Noticed a death knight
 22838 | D:13     | HP: 4/92 [freezing wraith[a death knight] (23)]
 22838 | D:13     | Slain by a freezing wraith

Illustrated notes

Levels and vault maps discovered:
D:1:      dpeg_arrival_court, layout_loops_ring, due_unseen_surprise
D:2:      layout_loops_ring, serial_aquarium, aquarium_bridge_square
          [aquarium_subvault_wall, aquarium_subvault_bridge,
          aquarium_subvault_balcony, aquarium_subvault_window],
          aquarium_bridge_island_large [aquarium_subvault_large_open,
          aquarium_subvault_bridge, aquarium_subvault_bridge,
          aquarium_subvault_bridge, aquarium_subvault_bridge],
          aquarium_window_double, aquarium_window_fake, aquarium_window_1,
          aquarium_view_2g, minmay_distorted, uniq_crazy_yiuf_cottage,
          uniq_jessica, uniq_terence
D:3:      layout_basic, serial_shops, nicolae_shop_window_shopping
D:4:      minmay_evil_eye, layout_basic, elyvilon_altar_1,
          minmay_temple_entry_statues, gammafunk_ghost_stat_death,
          enter_ossuary_2, kennysheep_small_square
D:5:      layout_basic, mainiacjoe_overflow_alcove_4,
          mainiacjoe_overflow_boulevard, mainiacjoe_overflow_alcove_2,
          roderic_roman_lattice, uniq_pikel
D:6:      layout_basic, mainiacjoe_overflow_tiny_flanked, uniq_maggie
D:7:      layout_rooms, lemuel_mausoleum_altar_kikubaaqudgha, trog_wizard,
          grunt_dithmenos_shadows, mainiacjoe_overflow_small_starburst
D:8:      layout_basic, mainiacjoe_overflow_surrounded_room, uniq_psyche
D:9:      layout_basic, mainiacjoe_overflow_cross_hatched,
          minmay_lair_entry_lava, minmay_diamond_spiral
D:10:     kennysheep_seaside_town, layout_basic, overflow_temple_1_default,
          grunt_qazlal_clouds, orc_david_3, gammafunk_ghost_mausoleum,
          uniq_fannar, uniq_nergalle, uniq_joseph
D:11:     layout_basic
D:12:     layout_loops_ring
D:13:     layout_loops_ring, nicolae_trove_entry_columns
Temple:   kb_temple_of_zot

Skill      XL: |  1  2  3  4  5  6  7  8  9 10 11 12 |
---------------+-------------------------------------+-----
Armour         | 1 2 3 4 5 |  5.2
Stealth        | 2 3 4 5 |  5.4
Spellcasting   | 4 5 6 7 8 9 |  9.7
Dodging        | 2 3 4 5 |  5.9
Summonings     | 2 3 4 |  4.7
Fighting       | 1 2 3 4 5 7 |  7.9
Conjurations   | 2 3 5 6 7 |  7.5
Ice Magic      | 1 2 |  2.4
Air Magic      | 1 2 3 5 |  5.2
Poison Magic   | 2 3 |  3.5
Translocations | 1 |  1.9
Shields        | 1 3 4 |  4.9
Evocations     | 1 2 |  2.0
Hexes          | |  0.6
Transmutations | |  0.2

Action                   |  1- 3 |  4- 6 |  7- 9 | 10-12 || total
-------------------------+-------+-------+-------+-------++-------
Melee: Dagger            |    36 |       |       |       ||    36
       Headbutt          |     5 |    23 |    49 |   112 ||   189
       Quarterstaff      |       |   118 |   121 |       ||   239
       Flail             |       |       |   185 |   127 ||   312
       Scimitar          |       |       |       |   385 ||   385
       Long sword        |       |       |       |    12 ||    12
 Fire: Hand crossbow     |       |       |       |     1 ||     1
Throw: Dart              |     8 |    20 |       |     1 ||    29
 Cast: Magic Dart        |    51 |     3 |    16 |     3 ||    73
       Call Imp          |     8 |    27 |    29 |    40 ||   104
       Mephitic Cloud    |       |       |    15 |    50 ||    65
       Blink             |       |       |     4 |    23 ||    27
       Slow              |       |       |     4 |     2 ||     6
       Shock             |       |       |     1 |    36 ||    37
       Ozocubu's Armour  |       |       |       |     3 ||     3
       Passwall          |       |       |       |     2 ||     2
       Airstrike         |       |       |       |     3 ||     3
       Swiftness         |       |       |       |     1 ||     1
Evoke: Wand              |       |       |     4 |    24 ||    28
  Use: Scroll            |     3 |     5 |    10 |     9 ||    27
       Potion            |       |       |     4 |    10 ||    14
 Stab: Sleeping          |     1 |     3 |     7 |     3 ||    14
       Distracted        |       |     2 |     1 |     1 ||     4
       Confused          |       |     1 |     7 |    18 ||    26
       Paralysed         |       |       |       |     3 ||     3
Armor: Robe              |     8 |     6 |       |       ||    14
       Leather armour    |       |    32 |    40 |       ||    72
       Acid dragon scale |       |       |   121 |   371 ||   492
Dodge: Dodged            |    25 |    69 |   218 |   566 ||   878
Block: Buckler           |       |       |    31 |   190 ||   221
       Rpst.: Long sword |       |       |       |     5 ||     5
       Scimitar          |       |       |       |    85 ||    85

Table legend: (Time is in decaauts)
 A = Elapsed time spent in this place.
 B = Non-inter-level travel time spent in this place.
 C = Inter-level travel time spent in this place.
 D = Time resting spent in this place.
 E = Time spent auto-exploring this place.
 F = Levels seen in this place.
 G = Mean time per level.
                   A        B        C        D        E       F      G
               +--------+--------+--------+--------+--------+-----+--------+
         Total |  23178 |  21422 |   1756 |   6544 |   9992 |  15 | 1545.2 |
       Dungeon |  22251 |  20513 |   1738 |   6091 |   9790 |  13 | 1711.6 |
        Temple |    128 |    110 |     18 |      0 |     84 |   1 |  128.0 |
       Ossuary |    798 |    798 |      0 |    453 |    118 |   1 |  798.0 |
               +--------+--------+--------+--------+--------+-----+--------+

Top non-repeatable levels by time:
     D:8: 2773 daAuts
    D:10: 2487 daAuts
     D:6: 1971 daAuts
     D:9: 1934 daAuts
     D:7: 1887 daAuts
     D:4: 1749 daAuts
     D:1: 1660 daAuts
    D:12: 1586 daAuts
     D:3: 1546 daAuts
     D:2: 1346 daAuts
    D:11: 1300 daAuts
     D:5: 1285 daAuts
 Ossuary: 798 daAuts
    D:13: 723 daAuts
  Temple: 128 daAuts
